 Dungeon Sprint DCSS version 0.16-a0-3807-g3748f16 (console) character file.

15488 Monkaria the Tortoise (level 12, -13/103 HPs)
             Began as a Hill Orc Fighter on Jan 27, 2015.
             Was the Champion of Makhleb.
             Mangled by a cyan very ugly thing (24 damage)
             ... in the Dungeon (Sprint IX: "|||||||||||||||||||||||||||||").
             The game lasted 00:10:33 (2932 turns).

Monkaria the Tortoise (Hill Orc Fighter)            Turns: 2932, Time: 00:10:33

Health: -13/103    AC: 26    Str: 28    XL:     12   Next: 27%
Magic:  30/30      EV: 12    Int: 12    God:    Makhleb [******]
Gold:   335        SH:  0    Dex: 10    Spells: 0 memorised, 11 levels left

rFire  . . .     SeeInvis +     p - +4 scimitar (flame)
rCold  . . .     Clarity  .     s - +1 plate armour {MR+}
rNeg   . . .     SustAb   .     (no shield)
rPois  +         Gourm    .     L - +1 hat {SInv}
rElec  .         Spirit   .     y - +0 cloak
rCorr  .         Warding  .     K - +1 pair of gloves
rMut   .         NoTele   +     (no boots)
MR     +....                    C - amulet of regeneration
Stlth  ..........               E - ring of poison resistance
                                D - ring "Migiguamu" {AC+2 Str+4 Int+4}

@: starving, somewhat resistant to hostile enchantments, extremely unstealthy
A: no striking features
a: Minor Destruction, Lesser Servant of Makhleb, Major Destruction, Greater
Servant of Makhleb, Renounce Religion


You were in the Dungeon.
You worshipped Makhleb.
Makhleb was exalted by your worship.
You were starving.

You visited 1 branch You collected 1916 gold pieces.
You spent 1581 gold pieces at shops.

Inventory:

Hand weapons
 p - a +4 scimitar of flaming (weapon)
Armour
 s - a +1 plate armour of magic resistance (worn)
 y - a +0 cloak (worn)
 J - a +1 large shield
 K - a +1 pair of gloves (worn)
 L - a +1 hat of see invisible (worn)
Jewellery
 t - a +2 ring of protection
 u - a +3 ring of dexterity
 C - an amulet of regeneration (around neck)
 D - the ring "Migiguamu" (left hand) {AC+2 Str+4 Int+4}
   (You bought it in a shop in the Dungeon)

   [ring of protection]

   It affects your AC (+2).
   It affects your strength (+4).
   It affects your intelligence (+4).
 E - a ring of poison resistance (right hand)
 F - an uncursed ring of fire
 G - an uncursed ring of protection from magic
 H - an uncursed ring of see invisible
Magical devices
 o - a wand of cold (0)
Scrolls
 k - 3 scrolls of blinking
 m - 8 scrolls of remove curse
 n - 2 scrolls of amnesia
 v - 3 scrolls of identify
 x - a scroll of fear
 N - a scroll of fog
Potions
 a - 2 potions of brilliance
 b - a potion of resistance
 e - a potion of might
 f - 5 potions of curing
 g - 9 potions of heal wounds
 h - 2 potions of haste
 i - 4 potions of magic
 j - 2 potions of berserk rage
 l - a potion of invisibility
Miscellaneous
 B - a sack of spiders
Comestibles
 d - 13 meat rations
 z - 40 fruits
 A - 12 bread rations


   Skills:
 - Level 8.3 Fighting
 - Level 16.3 Long Blades
 - Level 17.5 Armour
 + Level 11.4 Dodging
 - Level 3.2 Shields
 - Level 16.4 Invocations
 - Level 7.2 Evocations


You had 11 spell levels left.
You didn't know any spells.

Dungeon Overview and Level Annotations

Branches:
Dungeon (1/1)

Altars:
Cheibriados
Dithmenos
Elyvilon
Fedhas
Gozag
Kikubaaqudgha
Makhleb
Nemelex Xobeh
Okawaru
Qazlal
Ru
Sif Muna
Trog
Vehumet
Xom
Yredelemnul
Zin
The Shining One
Beogh
Jiyva
Lugonu

Shops:
D :=(}


Message History

The cyan very ugly thing barely misses you.
You slash the cyan very ugly thing! You burn the cyan very ugly thing.
The cyan very ugly thing is moderately wounded.
The cyan very ugly thing pecks you! The cyan very ugly thing shocks you!!
* * * LOW HITPOINT WARNING * * *
You barely miss the cyan very ugly thing.
The cyan very ugly thing is moderately wounded.
The cyan very ugly thing pecks you.
* * * LOW HITPOINT WARNING * * *
The cyan very ugly thing shocks you!!
* * * LOW HITPOINT WARNING * * *
You see here a mottled dragon corpse.
There is an open door to the Dungeon, spattered with blood here.
Things that are here:
a scimitar of flaming; an ugly thing corpse Drink which item? (? for menu, Esc to quit)
You feel much better. The cyan very ugly thing pecks you!
* * * LOW HITPOINT WARNING * * *
The cyan very ugly thing shocks you!!
You die...

▓.▓.▓.▓.▓∩▓.▓.▓
▓)▓.▓.▓.▓.▓.▓.▓
▓[▓.▓.▓.▓∩▓.▓.▓
▓.▓.▓.▓.▓.▓.▓.▓
▓.▓.▓.▓.▓∩▓.▓†▓
▓.▓.▓.▓.▓.▓.▓)▓
▓.▓.▓.▓.▓.▓.▓†▓
▓)▓.▓.▓.▓.▓.▓u▓
▓|▓.▓.▓.▓.▓.▓@▓
▓.▓.▓'▓.▓.▓.▓)▓
▓.▓.▓.▓.▓)▓.▓.▓
▓'▓.▓.▓.▓)▓.▓.▓
▓_▓.▓.▓.▓)▓.▓.▓
▓_▓.▓.▓.▓)▓)▓.▓
▓_▓.▓.▓.▓)▓.▓.▓
▓_▓.▓.▓.▓.▓.▓.▓
▓_▓.▓.▓.▓.▓.▓.▓


You could see a cyan very ugly thing.

Vanquished Creatures
  Josephine (D)
  Harold (D)
  A deep troll shaman (D)
  A death yak (D)
  A skeletal warrior (D)
  10 orc knights (D)
  A hill giant (D)
  2 ugly things (D)
  A griffon (D)
  Joseph (D)
  A black mamba (D)
  3 spiny frogs (D)
  An efreet (D)
  A komodo dragon (D)
  A freezing wraith (D)
  2 trolls (D)
  A slime creature (D)
  A two-headed ogre (shapeshifter) (D)
  A fire bat (shapeshifter) (D)
  A vampire mosquito (D)
  3 hippogriffs (D)
  3 wolves (D)
  3 wargs (D)
  3 hell hounds (D)
  A mottled dragon (D)
  13 orc warriors (D)
  A water moccasin (D)
  An ogre (D)
  A crocodile (D)
  3 giant frogs (D)
  A wight (D)
  3 hounds (D)
  A crimson imp (D)
  3 orc priests (D)
  5 orc wizards (D)
  3 worker ants (D)
  An adder skeleton (D)
  An adder zombie (D)
  8 orcs (D)
  2 bats (D)
  2 bat skeletons (D)
  A goblin (D)
  3 quokkas (D)
  A giant gecko simulacrum (D)
  2 kobolds (D)
  A quokka skeleton (D)
  A quokka zombie (D)
  3 rats (D)
107 creatures vanquished.

Vanquished Creatures (others)
  A blizzard demon (D)
1 creature vanquished.

Grand Total: 108 creatures vanquished

Notes
Turn   | Place    | Note
--------------------------------------------------------------
     0 | D        | Monkaria, the Hill Orc Fighter, began the quest for the Orb.
     0 | D        | Reached XP level 1. HP: 19/19 MP: 1/1
    10 | D        | Reached skill level 4 in Fighting
    46 | D        | Noticed a worker ant
    52 | D        | Reached XP level 2. HP: 21/28 MP: 2/2
    59 | D        | Killed a worker ant
    59 | D        | Reached skill level 5 in Fighting
    59 | D        | Reached skill level 5 in Long Blades
    59 | D        | Reached XP level 3. HP: 22/37 MP: 3/3
   166 | D        | Found a glowing silver altar of Zin.
   166 | D        | Found a glowing golden altar of the Shining One.
   166 | D        | Found an ancient bone altar of Kikubaaqudgha.
   166 | D        | Found a basalt altar of Yredelemnul.
   166 | D        | Found a shimmering altar of Xom.
   166 | D        | Found a radiant altar of Vehumet.
   166 | D        | Found an iron altar of Okawaru.
   167 | D        | Found a burning altar of Makhleb.
   168 | D        | Found a deep blue altar of Sif Muna.
   169 | D        | Found a bloodstained altar of Trog.
   170 | D        | Found a sparkling altar of Nemelex Xobeh.
   171 | D        | Found a white marble altar of Elyvilon.
   172 | D        | Found a roughly hewn altar of Beogh.
   173 | D        | Found a viscous altar of Jiyva.
   174 | D        | Found a corrupted altar of Lugonu.
   175 | D        | Found a blossoming altar of Fedhas.
   176 | D        | Became a worshipper of Makhleb the Destroyer
   177 | D        | Found a snail-covered altar of Cheibriados.
   178 | D        | Found a shadowy altar of Dithmenos.
   179 | D        | Found a stormy altar of Qazlal.
   180 | D        | Found an opulent altar of Gozag.
   181 | D        | Found a sacrificial altar of Ru.
   238 | D        | Noticed a hippogriff
   238 | D        | Noticed a crimson imp
   238 | D        | Noticed a troll
   238 | D        | Noticed a worker ant
   238 | D        | Noticed an ogre
   241 | D        | Killed an ogre
   241 | D        | Reached skill level 7 in Fighting
   241 | D        | Reached skill level 8 in Long Blades
   241 | D        | Reached XP level 4. HP: 44/47 MP: 4/4
   243 | D        | Killed a worker ant
   243 | D        | Acquired Makhleb's first power
   243 | D        | Reached skill level 9 in Long Blades
   243 | D        | Reached XP level 5. HP: 48/53 MP: 5/5
   253 | D        | Killed a crimson imp
   273 | D        | Killed a troll
   273 | D        | Acquired Makhleb's second power
   273 | D        | Reached skill level 13 in Long Blades
   273 | D        | Reached XP level 6. HP: 34/62 MP: 6/6
   277 | D        | Killed a hippogriff
   277 | D        | Reached skill level 14 in Long Blades
   277 | D        | Reached XP level 7. HP: 48/69 MP: 7/7
   376 | D        | Noticed a worker ant
   376 | D        | Noticed an orc warrior
   376 | D        | Noticed a hill giant
   376 | D        | Noticed a vampire mosquito
   376 | D        | Noticed a komodo dragon
   389 | D        | Killed a komodo dragon
   389 | D        | Acquired Makhleb's third power
   392 | D        | Killed a vampire mosquito
   392 | D        | Reached XP level 8. HP: 59/75 MP: 8/8
   393 | D        | Killed a worker ant
   396 | D        | Killed a hill giant
   396 | D        | Acquired Makhleb's fourth power
   415 | D        | Killed an orc warrior
   658 | D        | Noticed a hippogriff
   658 | D        | Noticed a giant frog
   658 | D        | Noticed a hippogriff
   658 | D        | Noticed a hound
   658 | D        | Noticed a hound
   661 | D        | Killed a hound
   667 | D        | Killed a hound
   667 | D        | Acquired Makhleb's fifth power
   672 | D        | Noticed a spiny frog
   676 | D        | Killed a hippogriff
   676 | D        | Reached skill level 5 in Invocations
   680 | D        | Killed a giant frog
   680 | D        | Reached XP level 9. HP: 82/82 MP: 9/19
   681 | D        | Killed a hippogriff
   693 | D        | Killed a spiny frog
   693 | D        | Reached skill level 10 in Invocations
   925 | D        | Noticed a spiny frog
   925 | D        | Noticed a black mamba
   925 | D        | Noticed a crocodile
   925 | D        | Noticed a wolf
   925 | D        | Noticed a giant frog
   925 | D        | Noticed a hound
   925 | D        | Noticed a water moccasin
   927 | D        | Noticed a spiny frog
   929 | D        | Killed a water moccasin
   930 | D        | Killed a hound
   931 | D        | Killed a giant frog
   932 | D        | Noticed a giant frog
   942 | D        | Killed a wolf
   945 | D        | Killed a crocodile
   954 | D        | Killed a black mamba
   957 | D        | Killed a spiny frog
   967 | D        | Killed a spiny frog
   967 | D        | Reached skill level 15 in Invocations
   967 | D        | Reached XP level 10. HP: 32/89 MP: 25/27
   972 | D        | Killed a giant frog
  1332 | D        | Noticed a wolf
  1332 | D        | Noticed a hell hound
  1332 | D        | Noticed a warg
  1332 | D        | Noticed a warg
  1333 | D        | Noticed a hell hound
  1336 | D        | Noticed a wolf
  1337 | D        | Noticed a hell hound
  1339 | D        | Killed a warg
  1340 | D        | Noticed a warg
  1344 | D        | Killed a warg
  1344 | D        | Reached skill level 16 in Invocations
  1347 | D        | Killed a hell hound
  1361 | D        | Killed a hell hound
  1368 | D        | Killed a hell hound
  1378 | D        | Killed a warg
  1384 | D        | Killed a wolf
  1388 | D        | Killed a wolf
  1388 | D        | Reached skill level 5 in Evocations
  1545 | D        | Noticed an orc priest
  1545 | D        | Noticed an orc wizard
  1545 | D        | Noticed an orc wizard
  1545 | D        | Noticed an orc warrior
  1547 | D        | Killed an orc warrior
  1547 | D        | Killed an orc wizard
  1548 | D        | Noticed an orc wizard
  1556 | D        | Noticed an orc priest
  1557 | D        | Killed an orc wizard
  1569 | D        | Noticed an orc priest
  1569 | D        | Killed an orc priest
  1578 | D        | Killed an orc wizard
  1588 | D        | Killed an orc priest
  1591 | D        | Killed an orc priest
  1632 | D        | Noticed an orc warrior
  1632 | D        | Noticed an orc warrior
  1632 | D        | Noticed an orc wizard
  1632 | D        | Noticed an orc warrior
  1632 | D        | Noticed an orc warrior
  1632 | D        | Noticed an orc knight
  1635 | D        | Noticed an orc warrior
  1640 | D        | Killed an orc knight
  1640 | D        | Reached skill level 15 in Long Blades
  1640 | D        | Killed an orc warrior
  1641 | D        | Killed an orc warrior
  1651 | D        | Noticed an orc warrior
  1651 | D        | Killed an orc warrior
  1654 | D        | Killed an orc warrior
  1657 | D        | Killed an orc warrior
  1659 | D        | Killed an orc wizard
  1661 | D        | Noticed an orc wizard
  1669 | D        | Killed an orc warrior
  1671 | D        | Killed an orc wizard
  1672 | D        | Noticed an orc knight
  1697 | D        | Killed an orc knight
  1816 | D        | Found Wecon's Gadget Boutique.
  1816 | D        | Noticed an orc warrior
  1816 | D        | Noticed an orc warrior
  1816 | D        | Noticed an orc warrior
  1816 | D        | Noticed an orc knight
  1816 | D        | Noticed an orc knight
  1816 | D        | Noticed an orc knight
  1819 | D        | Noticed an orc warrior
  1842 | D        | Killed an orc knight
  1846 | D        | Killed an orc knight
  1846 | D        | Reached XP level 11. HP: 85/95 MP: 29/29
  1848 | D        | Noticed an orc knight
  1861 | D        | Killed an orc knight
  1862 | D        | Killed an orc warrior
  1862 | D        | Reached skill level 15 in Armour
  1869 | D        | Killed an orc warrior
  1881 | D        | Killed an orc knight
  1887 | D        | Killed an orc warrior
  1892 | D        | Killed an orc warrior
  1893 | D        | Found Zyvastruy's Weapon Shop.
  1897 | D        | Found Tranul's Jewellery Boutique.
  1901 | D        | Found Goept's Book Shop.
  1903 | D        | Noticed an orc knight
  1904 | D        | Noticed an orc knight
  1905 | D        | Noticed an orc knight
  2097 | D        | Killed an orc knight
  2111 | D        | Killed an orc knight
  2276 | D        | Noticed an orc warrior
  2303 | D        | Killed an orc warrior
  2336 | D        | Killed an orc knight
  2336 | D        | Reached skill level 17 in Armour
  2342 | D        | Noticed an orc knight
  2363 | D        | Killed an orc knight
  2391 | D        | Bought a lamp of fire for 440 gold pieces
  2391 | D        | Bought a sack of spiders for 220 gold pieces
  2395 | D        | Bought an uncursed amulet of regeneration for 330 gold pieces
  2395 | D        | Bought the ring "Migiguamu" {AC+2 Str+4 Int+4} for 371 gold pieces
  2395 | D        | Bought an uncursed ring of poison resistance for 220 gold pieces
  2436 | D        | Noticed Joseph
  2457 | D        | Killed Joseph
  2481 | D        | Noticed Harold
  2503 | D        | Killed Harold
  2588 | D        | Noticed Josephine
  2616 | D        | Killed Josephine
  2827 | D        | Noticed a wight
  2827 | D        | Noticed a troll
  2827 | D        | Noticed a griffon
  2827 | D        | Noticed a skeletal warrior
  2827 | D        | Noticed a mottled dragon
  2827 | D        | Noticed a white ugly thing
  2827 | D        | Noticed an efreet
  2831 | D        | Killed an efreet
  2832 | D        | Noticed a freezing wraith
  2832 | D        | Killed a white ugly thing
  2833 | D        | Noticed a deep troll shaman
  2834 | D        | Noticed a death yak
  2839 | D        | Killed a mottled dragon
  2840 | D        | Noticed a red ugly thing
  2854 | D        | Killed a skeletal warrior
  2860 | D        | Noticed a spiny frog
  2861 | D        | Killed a griffon
  2861 | D        | Reached XP level 12. HP: 98/103 MP: 30/30
  2864 | D        | Killed a troll
  2868 | D        | Killed a wight
  2877 | D        | Noticed a slime creature
  2878 | D        | Noticed a cyan very ugly thing
  2878 | D        | a spiny frog changed into a harpy
  2882 | D        | Killed a freezing wraith
  2890 | D        | Killed a deep troll shaman
  2890 | D        | Reached skill level 10 in Dodging
  2897 | D        | Killed a death yak
  2902 | D        | Killed a red ugly thing
  2919 | D        | Killed a slime creature
  2929 | D        | HP: 2/103 [cyan very ugly thing (22)]
  2932 | D        | Mangled by a cyan very ugly thing

Action                   |  1- 3 |  4- 6 |  7- 9 | 10-12 || total
-------------------------+-------+-------+-------+-------++-------
Melee: Long sword        |    48 |       |       |       ||    48
       Scimitar          |     3 |    32 |    98 |   446 ||   579
Invok: Greater Servant o |       |       |       |     1 ||     1
Evoke: Wand              |       |       |     1 |     6 ||     7
  Use: Potion            |       |     1 |       |     1 ||     2
       Scroll            |       |       |       |     2 ||     2
  Eat: Chunk             |       |       |       |     6 ||     6
